Cogmind - Beta 16 @@@ ROGUE MODE // 2025.11.08 @ 11:44:11 // Winter2019/RPGLIKE Player: Jaegerpls Result: Destroyed by Y-54 Guardian with Gatling Laser Performance ------------- Evolutions (4) 2000 Regions Visited (4) 800 Robots Destroyed (29) 145 Value Destroyed (827) 827 Prototype IDs (24) 480 Alien Tech Used (0) 0 Bonus (923) 923 TOTAL SCORE: 5175 Bonus ------- Follower Combat Kills 123 Registered with UFD 300 Met Optimus in HQ 500 Cogmind --------- Core Integrity 0/650 Matter 276/300 Energy 160/160 System Corruption 6% Temperature Cool (6) Movement Flying (32) Location -6/Factory Parts ------- > --- POWER (1) -------- Light Nuclear Core > --- PROPULSION (3) --- VTOL Module VTOL Module > --- UTILITY (5) ------ Weight Redist. System Advanced Signal Interpreter Makeshift Hacking Suite Makeshift System Shield A0-MCA's Component Scanner > --- WEAPON (2) ------- Mace (fused) Makeshift Sword > --- INVENTORY (2) ---- Improved Melee Analysis Suite Reaction Control System Peak State ------------ > --- POWER ------------ Light Nuclear Core > --- PROPULSION ------- Flight Unit VTOL Module VTOL Module > --- UTILITY ---------- Weight Redist. System Advanced Signal Interpreter Makeshift Hacking Suite Makeshift System Shield A0-MCA's Component Scanner > --- WEAPON ----------- Mace Makeshift Sword > --- INVENTORY -------- Improved Melee Analysis Suite Reaction Control System [Rating: 38] Favorites ----------- Power Ion Engine Engine Ion Engine Power Core Light Nuclear Core Propulsion Flight Unit Leg Improved Aluminum Leg Wheel Armored Wheel Flight Unit Flight Unit Utility Improved Terrain Scanner Device Improved Terrain Scanner Processor Signal Interpreter Hackware Makeshift System Shield Weapon Mining Claw Ballistic Gun Assault Rifle Impact Weapon Mace Slashing Weapon Mining Claw Build | -11 -10 -10 -9 -6 ------- Run | Yrd Mat Sub Scr Fac Slots Evolved 7 | 4 . 1 . 2 Power . | . . . . . Propulsion 2 | 1 . . . 1 Utility 4 | 2 . 1 . 1 Weapon 1 | 1 . . . . Parts Attached 39 | 11 12 4 2 10 Power 4 | 2 . . . 2 Engine 3 | 2 . . . 1 Core 1 | . . . . 1 Reactor . | . . . . . Propulsion 14 | 4 6 . 1 3 Treads . | . . . . . Leg 2 | . 2 . . . Wheel 6 | 4 2 . . . Hover . | . . . . . Flight 6 | . 2 . 1 3 Utility 14 | 3 4 3 . 4 Device 7 | 3 1 1 . 2 Storage . | . . . . . Processor 3 | . 1 . . 2 Hackware 4 | . 2 2 . . Protection . | . . . . . Artifact . | . . . . . Weapon 7 | 2 2 1 1 1 Energy Gun . | . . . . . Energy Cannon . | . . . . . Ballistic Gun 2 | 2 . . . . Ballistic Cannon . | . . . . . Launcher . | . . . . . Special Weapon . | . . . . . Impact Weapon 2 | . . . 1 1 Slashing Weapon 3 | . 2 1 . . Piercing Weapon . | . . . . . Special Melee Weapon . | . . . . . Unidentified Prototypes 1 | . . 1 . . Parts Lost 5 | . . . . 5 Power 1 | . . . . 1 Propulsion 3 | . . . . 3 Utility 1 | . . . . 1 Weapon . | . . . . . Highest Loss Streak 1 | . . . . 1 To Critical Strikes 1 | . . . . 1 Average Backups . | . . . . 1 Power . | . . . . . Propulsion . | . . . . . Utility . | . . . . 1 Weapon . | . . . . . Tool/Special . | . . . . . Unused Backups 4 | . 2 . 1 1 Power . | . . . . . Propulsion . | . . . . . Utility 3 | . 1 . 1 1 Weapon 1 | . 1 . . . Tool/Special . | . . . . . Average Slot Usage (%) 98 | . 100 100 100 93 Engine 10 | . 12 11 11 7 Leg 3 | . 17 . . . Wheel 1 | . 6 . . . Flight 17 | . 1 22 22 18 Device 19 | . 15 21 22 17 Processor 5 | . 11 3 . 10 Hackware 17 | . 9 18 22 18 Ballistic Gun 1 | . 5 . . . Slashing Weapon 20 | . 19 22 22 16 Peak Build Rating 38 | 10 14 21 22 38 Average Rating 20 | 5 13 17 21 33 On Entrance 12 | . 10 11 21 22 Avg Prop Armor Cover (%) 14 | . 14 . . . Naked Turns . | . . . . . Heaviest Build 14 | 12 12 10 10 14 Greatest Support 32 | 32 26 19 19 23 Greatest Overweight (x) 2 | . 2 . . . Average Overweight (x) . | . . . . . Largest Inventory Capacity 2 | 1 1 1 1 2 Average Capacity 1 | 1 1 1 1 1 Most Carried 2 | 1 1 1 1 2 Average Carried . | . . . . 1 Final Capacity 2 | 1 1 1 1 2 Final Carried 2 | 1 1 1 1 2 Class Distribution -------------------- 61% | Hacker-Gladiator 29% | Gladiator 3% | Hacker-Sprinter Dominant Class ---------------- Gladiator | -10/Materials Hacker-Gladiator | -10/Subcaves Hacker-Gladiator | -9/Scraptown Hacker-Gladiator | -6/Factory Resources | -11 -10 -10 -9 -6 ----------- Run | Yrd Mat Sub Scr Fac Matter Collected 820 | 338 302 60 30 90 Remotely 322 | 134 188 . . . Salvage Created 1067 | 101 372 . . 594 Parts 69 | 11 29 . . 29 Haulers Intercepted 3 | . 2 . . 1 Recyclers Shooed 2 | 1 1 . . . Parts Field Recycled . | . . . . . Retrieved Matter . | . . . . . Parts Self-Destructed 9 | . . 9 . . Prevented . | . . . . . Parts Restored . | . . . . . Kills | -11 -10 -10 -9 -6 ------- Run | Yrd Mat Sub Scr Fac Combat Hostiles Destroyed 16 | . 5 . . 11 Melee 14 | . 3 . . 11 Guns 2 | . 2 . . . Classes Destroyed 10 | 2 4 . . 4 Tunneler 2 | 2 . . . . Hauler 3 | . 2 . . 1 Recycler 2 | 1 1 . . . Operator 3 | . 2 . . 1 Watcher 3 | . 1 . . 2 Swarmer 5 | . . . . 5 Grunt 7 | . 5 . . 2 Brawler 1 | . . . . 1 Sentry 1 | . . . . 1 Programmer 2 | . . . . 2 Best Kill Streak 4 | 3 2 . . 4 Combat Bots Only 4 | . 2 . . 4 Max Kills in Single Turn 1 | 1 1 . . 1 Gunslinging . | . . . . . Exploded . | . . . . . Melee 1 | . 1 . . 1 Uniques/NPCs Destroyed . | . . . . . Combat | -11 -10 -10 -9 -6 -------- Run | Yrd Mat Sub Scr Fac Hostile Shots Fired 185 | . 51 4 . 130 Missed 71 | . 12 3 . 56 Hits 114 | . 39 1 . 74 Melee 7 | . . . . 7 Projectile 107 | . 39 1 . 67 Critical Strikes 3 | . . . . 3 Damage Taken 1703 | . 434 71 . 1198 Core 1398 | . 345 65 . 988 Absorbed by Shields . | . . . . . Redirected to Core 936 | . 282 21 . 633 Core Remaining (%) 100 | 100 . . 100 . Volleys Fired 35 | 6 29 . . . Largest 2 | 2 2 . . . Hottest 40 | 40 40 . . . Shots Fired 70 | 12 58 . . . Gun 70 | 12 58 . . . Cannon . | . . . . . Launcher . | . . . . . Special . | . . . . . Kinetic 70 | 12 58 . . . Thermal . | . . . . . Explosive . | . . . . . Electromagnetic . | . . . . . Robot Hit Streak 10 | 10 7 . . . Robot Miss Streak 5 | 1 5 . . . Penetration Max . | . . . . . Secondary Targets . | . . . . . Shots Hit Robots 117 | 10 53 . . 54 Core Hits 38 | 4 16 . . 18 Critical Kills 1 | . . . . 1 Critical Parts Destroyed 2 | . . . . 2 Critical Strikes 3 | . . . . 3 Smash 3 | . . . . 3 Melee Attacks 141 | . 30 12 . 99 Impact 29 | . . . . 29 Slashing 112 | . 30 12 . 70 Piercing . | . . . . . Sneak Attacks 10 | . 5 . . 5 Combat Hostiles 2 | . . . . 2 Follow-up Attacks 17 | . 4 . . 13 Damage Inflicted 2735 | 114 922 . . 1699 Guns 541 | 114 427 . . . Cannons . | . . . . . Explosions . | . . . . . Melee 2194 | . 495 . . 1699 Ramming . | . . . . . Kinetic 541 | 114 427 . . . Thermal . | . . . . . Explosive . | . . . . . Electromagnetic . | . . . . . Impact 690 | . . . . 690 Slashing 1504 | . 495 . . 1009 Piercing . | . . . . . Highest Corruption 6 | . . . . 6 Average Corruption 5 | . . . . 5 Corruption Purged . | . . . . . Corruption Blocked . | . . . . . Effects 6 | . . . . 6 Message Errors 1 | . . . . 1 Matter Fused 1 | . . . . 1 Parts Fused 1 | . . . . 1 Data Loss (minor) 1 | . . . . 1 Data Loss (major) 2 | . . . . 2 Overload Shots . | . . . . . Overflow Damage 348 | . 49 . . 299 Projectiles . | . . . . . Explosions . | . . . . . Melee 348 | . 49 . . 299 Knockbacks 5 | . . . . 5 Impact 5 | . . . . 5 Kinetic . | . . . . . Secondary . | . . . . . Self-Inflicted Damage . | . . . . . Shots . | . . . . . Rammed . | . . . . . Targets Rammed . | . . . . . Kicked . | . . . . . Crushed . | . . . . . Highest Temperature . | . . . . . Average Temperature . | . . . . . Received Heat Transfer 462 | . 237 9 . 216 Siege Activations . | . . . . . Martial Activations . | . . . . . Shielding Activations . | . . . . . Robots Disrupted . | . . . . . Combat Hostiles . | . . . . . Robots Corrupted 4 | . . . . 4 Combat Hostiles . | . . . . . Parts Fried 5 | . . . . 5 Impact Corruptions 9 | . . . . 9 Robots Melted . | . . . . . Combat Hostiles . | . . . . . Parts Melted . | . . . . . Heat Transferred . | . . . . . Parts Sabotaged . | . . . . . Parts Stolen . | . . . . . Parts Stripped . | . . . . . Power Chain Reactions . | . . . . . Alert | -11 -10 -10 -9 -6 ------- Run | Yrd Mat Sub Scr Fac Maximum Alert Level 1 | . . . . 1 Low Security (%) 96 | 100 100 . . 93 Level 1 3 | . . . . 6 Level 2 . | . . . . . Level 3 . | . . . . . Level 4 . | . . . . . Level 5 . | . . . . . High Security . | . . . . . Max Security . | . . . . . Peak Influence 219 | 5 50 . . 219 Initial . | . . . . . Average 22 | 1 6 . . 39 Influence Increases 765 | 15 183 66 . 501 Destroy 0b10 Robot/C 380 | . 100 60 . 220 Destroy 0b10 Robot/NC 65 | 15 30 . . 20 Destroy Leader 72 | . 26 . . 46 Allied During Kill 6 | . . 6 . . Trap Triggered on 0b10 10 | . . . . 10 Successful Hack 29 | . 8 . . 21 Disable Machine 30 | . 15 . . 15 Destroy Structure 8 | . 4 . . 4 Partial Spotted 15 | . . . . 15 Lose Combat Pursuer 150 | . . . . 150 Influence Decreases 716 | 15 180 69 . 452 Entered New Map 3 | . . 3 . . Time Decay 490 | 15 180 66 . 229 Lost Part 42 | . . . . 42 Purge Threat 181 | . . . . 181 Squads Dispatched 5 | . 3 . . 2 Investigation 1 | . 1 . . . Extermination 1 | . . . . 1 Reinforcement 3 | . 2 . . 1 Assault . | . . . . . Garrison . | . . . . . Intercept . | . . . . . Searches Triggered . | . . . . . Construction Impeded . | . . . . . Haulers Reinforced . | . . . . . Active Scanning Responses . | . . . . . Cargo Convoy Interrupts . | . . . . . Stealth | -11 -10 -10 -9 -6 --------- Run | Yrd Mat Sub Scr Fac Distress Signals 2 | . 1 . . 1 Communications Jammed . | . . . . . Distress Signals . | . . . . . Times Spotted 42 | . 10 7 . 25 Peak Tracking Total 5 | . 3 2 . 5 Tactical Retreats 6 | . . . . 6 Traps | -11 -10 -10 -9 -6 ------- Run | Yrd Mat Sub Scr Fac Traps Triggered 2 | . 1 . . 1 Indirectly . | . . . . . Trap Hack Attempts . | . . . . . Triggered . | . . . . . Disarmed . | . . . . . Reprogrammed 6 | . . . . 6 Reused 1 | . . . . 1 Traps Extracted . | . . . . . Installed . | . . . . . Triggered 1 | . . . . 1 Machines | -11 -10 -10 -9 -6 ---------- Run | Yrd Mat Sub Scr Fac Machines Disabled 2 | . 1 . . 1 Max in Single Turn 1 | . 1 . . 1 Machines Repaired . | . . . . . Machines Dismantled . | . . . . . Machines Sabotaged . | . . . . . Overloaded Fab Kills . | . . . . . Hacking | -11 -10 -10 -9 -6 --------- Run | Yrd Mat Sub Scr Fac Machines Accessed 27 | . 7 2 8 10 Terminals 9 | . 5 . . 4 Fabricators 2 | . . . . 2 Repair Stations . | . . . . . Recycling Units 3 | . 2 . . 1 Scanalyzers 1 | . . . . 1 Garrison Access 2 | . . . . 2 Total Hacks 133 | . 21 12 62 38 Successful 103 | . 12 12 62 17 Failed 29 | . 8 . . 21 Catastrophic 1 | . . . . 1 Database Lockouts 1 | . 1 . . . Manual 47 | . 19 . . 28 Terminals 39 | . 15 . . 24 Fabricators 3 | . . . . 3 Repair Stations . | . . . . . Recycling Units 10 | . 6 . . 4 Scanalyzers 3 | . . . . 3 Garrison Access 4 | . . . . 4 Terminal Hacks 79 | . 2 12 62 3 Record 72 | . . 11 61 . Robot Analysis 1 | . 1 . . . Unreport Threat 2 | . . . . 2 Locate Traps 1 | . 1 . . . Reprogram Traps 1 | . . . . 1 Proto ID Catalog 2 | . . 1 1 . Fabricator Hacks 2 | . . . . 2 Network Status 2 | . . . . 2 Repair Station Hacks . | . . . . . Recycling Unit Hacks 2 | . 1 . . 1 Report Inventory 2 | . 1 . . 1 Scanalyzer 1 | . . . . 1 Retrieve Study 1 | . . . . 1 Garrison Access Hacks . | . . . . . Unauthorized Hacks 19 | . 9 . . 10 Terminals 14 | . 7 . . 7 Track 1 | . . . . 1 Botnet 4 | . 2 . . 2 Skim 9 | . 5 . . 4 Fabricators . | . . . . . Repair Stations . | . . . . . Recycling Units 3 | . 2 . . 1 Reject 2 | . 1 . . 1 Recyclers 1 | . 1 . . . Scanalyzers . | . . . . . Garrison Access 2 | . . . . 2 Broadcast 1 | . . . . 1 Reprogram 1 | . . . . 1 Data Cores Recovered 1 | . . . . 1 Used . | . . . . . Hacking Detections 15 | . 7 . . 8 Full Trace Events . | . . . . . Feedback Events . | . . . . . Feedback Blocked . | . . . . . Robot Schematics Acquired . | . . . . . Robots Built . | . . . . . Authchips . | . . . . . Time . | . . . . . Total Robot Build Rating . | . . . . . Part Schematics Acquired . | . . . . . Parts Built . | . . . . . Authchips . | . . . . . Time . | . . . . . Total Part Build Rating . | . . . . . Part Studies Acquired 1 | . . . . 1 Parts Repaired . | . . . . . Time . | . . . . . Parts Recycled . | . . . . . Recycled Matter . | . . . . . Retrieved Matter . | . . . . . Retrieved Components . | . . . . . Parts Scanalyzed . | . . . . . Part Schematics Acquired . | . . . . . Parts Damaged . | . . . . . Bothacking | -11 -10 -10 -9 -6 ------------ Run | Yrd Mat Sub Scr Fac Used RIF Installer . | . . . . . Robots Hacked . | . . . . . Non-combat . | . . . . . Combat . | . . . . . Robot Hacks Applied . | . . . . . Relay Couplers Released . | . . . . . Fabnet Peak Effective % . | . . . . . Robots Rewired . | . . . . . Allies Hacked . | . . . . . Hacks Repelled . | . . . . . Allies | -11 -10 -10 -9 -6 -------- Run | Yrd Mat Sub Scr Fac Total Allies 7 | . . 7 . . Largest Group 7 | . . 7 . . Highest-Rated Group 133 | . . 133 . . Highest-Rated Ally 19 | . . 19 . . Total Orders . | . . . . . Ally Attacks 22 | . . 22 . . Total Damage 367 | . . 367 . . Kills 6 | . . 6 . . Allies Corrupted . | . . . . . Allies Melted . | . . . . . Intel | -11 -10 -10 -9 -6 ------- Run | Yrd Mat Sub Scr Fac Active Infowar (turns) 4800 | 20 1016 1951 1068 745 Terrain 4787 | 7 1016 1951 1068 745 Seismic 81 | 20 61 . . . Robot Analysis Total 1 | . 1 . . . Derelict Logs Recovered 2 | . . 2 . . Drone Launches . | . . . . . Drone Recoveries . | . . . . . Exploration | -11 -10 -10 -9 -6 ------------- Run | Yrd Mat Sub Scr Fac Turns Passed 5601 | 80 1064 2341 1068 1048 Spaces Moved 4980 | 50 729 1848 1434 919 Core 1 | 1 . . . . Treads . | . . . . . Legs 495 | . 495 . . . Wheels 231 | 49 182 . . . Hover . | . . . . . Flight 4253 | . 52 1848 1434 919 Fastest Speed 30 | 50 37 37 34 30 Average Speed 46 | 90 105 37 35 32 Slowest Speed 210 | 100 210 37 37 40 Overloaded Moves . | . . . . . Propulsion Burnouts . | . . . . . Robots Hopped 2 | . . . . 2 Potential Cave-ins . | . . . . . Cave-ins Triggered 1 | . . . . 1 Exploration Rate (%) 60 | 3 97 91 88 23 Regions Visited 4 Branch Regions 2 Pre-discovered Areas 6 | . . 2 4 . Known Exits Taken 2 | . 1 1 . . Unknown Exits Taken 2 | 1 . . 1 . Scrap Searched 20 | . . 17 3 . Spaces Dug 8 | . 4 . . 4 Terrain Destroyed 8 | . 4 . . 4 Melee 8 | . 4 . . 4 Projectile . | . . . . . AOE . | . . . . . Terrain Rammed . | . . . . . Walls Destroyed . | . . . . . Machines Disabled . | . . . . . Actions | -11 -10 -10 -9 -6 --------- Run | Yrd Mat Sub Scr Fac Total 7964 | 70 908 3478 1996 1512 Wait 2739 | . 99 1600 557 483 Move 4972 | 49 728 1847 1433 915 Hop 2 | . . . . 2 Pick Up 9 | 1 2 1 2 3 Fast Attach 13 | 8 . . . 5 Attach 3 | . . 1 . 2 Detach . | . . . . . Swap 27 | 3 12 5 3 4 Drop 10 | 3 4 . 1 2 Fire 35 | 6 29 . . . Melee 116 | . 24 12 . 80 Ram . | . . . . . Kick . | . . . . . Crush . | . . . . . Escape Stasis . | . . . . . Rewire . | . . . . . Trap . | . . . . . Miscellaneous 38 | . 10 12 . 16 Route ------- -11/Scrapyard -10/Materials (discovered 5 exits: *Mat x3 / *Min / *Sub) -10/Subcaves (discovered 4 exits: *Mat x2 / [*Rec] / *Scr) -9/Scraptown (discovered 2 exits: *Fac x2) -6/Factory (discovered 3 exits: *Fac / *Low / *Ext) History --------- Turn | Location | Event 1 | -11/Scrapyard | Upgraded with Propulsion slot (x1) 1 | -11/Scrapyard | Upgraded with Utility slot (x2) 1 | -11/Scrapyard | Upgraded with Weapon slot (x1) 8 | -11/Scrapyard | Discovered new exit (range 15) 81 | -11/Scrapyard | Entered Materials 281 | -10/Materials | Discovered new exit (range 11) 556 | -10/Materials | Discovered new exit (range 15) 582 | -10/Materials | Identified exit to Materials 620 | -10/Materials | Build established: Gladiator 828 | -10/Materials | Discovered new exit (range 8) 836 | -10/Materials | Identified exit to Mines 935 | -10/Materials | Discovered exit to Materials (range 16) 950 | -10/Materials | Central database locked down 1130 | -10/Materials | Discovered new exit (range 8) 1132 | -10/Materials | Identified exit to Subcaves 1145 | -10/Materials | Entered Subcaves 1146 | -10/Subcaves | Approached by a straggling Scientist 1146 | -10/Subcaves | Identified exit to Materials 1147 | -10/Subcaves | Reached level 2 1147 | -10/Subcaves | Upgraded with Utility slot (x1) 1248 | -10/Subcaves | Scientist uncovered a shortcut to Scraptown 1256 | -10/Subcaves | Identified exit to Scraptown 1339 | -10/Subcaves | Discovered new exit (range 15) 1607 | -10/Subcaves | Visited triangular shrine 1614 | -10/Subcaves | Found Prototype Device 1615 | -10/Subcaves | Identified V3-11A's Pendant 1625 | -10/Subcaves | Befriended Subdweller 1630 | -10/Subcaves | Befriended Subdweller 1658 | -10/Subcaves | Learned Materials emergency access door positions 1695 | -10/Subcaves | Learned location of Zion (-6) 1695 | -10/Subcaves | Met a Zionite searching for "candidates" 1707 | -10/Subcaves | Ambushed by Subdwellers from Twisted Machinery 1710 | -10/Subcaves | Befriended Subdweller 1710 | -10/Subcaves | Befriended Subdweller 1746 | -10/Subcaves | Visited 4L-MR0's lab 1930 | -10/Subcaves | Befriended Subdweller 1930 | -10/Subcaves | Befriended Subdweller 1975 | -10/Subcaves | Befriended Subdweller 1981 | -10/Subcaves | Learned location of Mines (-10) 2197 | -10/Subcaves | Lost 3 allies 2271 | -10/Subcaves | Build established: Hacker-Gladiator 2850 | -10/Subcaves | Disturbed a concealed Subdweller 3001 | -10/Subcaves | Visited Clippyterm 3002 | -10/Subcaves | Learned Factory emergency access door positions 3486 | -10/Subcaves | Entered Scraptown 3514 | -9/Scraptown | Delivered V3-11A's Pendant to T0-NE2 in exchange for information 3585 | -9/Scraptown | Discovered new exit (range 14) 3645 | -9/Scraptown | Visited TADAMA 3658 | -9/Scraptown | Visited UFD Registry 3658 | -9/Scraptown | Registered with UFD as "Roughcase" 3661 | -9/Scraptown | Visited Assassins FH 3677 | -9/Scraptown | Visited Cave Peace 3700 | -9/Scraptown | Visited IN-MT5's Study 3758 | -9/Scraptown | Visited Curators Association 3769 | -9/Scraptown | Visited Chapter 10 3808 | -9/Scraptown | Visited A0-MCA Data Center 3810 | -9/Scraptown | Given a B- rating by A0-MCA 3814 | -9/Scraptown | Found A0-MCA's Component Scanner 4021 | -9/Scraptown | Visited Science Guys 4033 | -9/Scraptown | Visited Scrap Suit Storage 4042 | -9/Scraptown | Visited Junk Repository 4054 | -9/Scraptown | Visited Observation Area 4102 | -9/Scraptown | Visited Scrapoid Pod Storage 4110 | -9/Scraptown | Visited Cartography Club 4298 | -9/Scraptown | Learned location of Recycling (-9) 4298 | -9/Scraptown | Learned location of Hub_04(d) (-6) 4298 | -9/Scraptown | Learned 8 Factory zone layouts 4298 | -9/Scraptown | Learned location of Proximity Caves (-4) 4298 | -9/Scraptown | Learned 12 Research zone layouts 4298 | -9/Scraptown | Learned 16 Lower Caves zone layouts 4298 | -9/Scraptown | Learned 20 Lower Caves zone layouts 4298 | -9/Scraptown | Learned 8 Proximity Caves zone layouts 4298 | -9/Scraptown | Learned location of 1 exit from Lower Caves 4298 | -9/Scraptown | Learned location of 1 exit from Upper Caves 4298 | -9/Scraptown | Learned location of 3 exits from Proximity Caves 4362 | -9/Scraptown | Visited LU-1G1's Boring Crew 4376 | -9/Scraptown | Discovered new exit (range 11) 4494 | -9/Scraptown | Met Optimus 4494 | -9/Scraptown | Accepted into 0bPrime 4554 | -9/Scraptown | Entered Factory 4555 | -6/Factory | Identified exit to Factory 4556 | -6/Factory | Reached level 3 4556 | -6/Factory | Upgraded with Utility slot (x1) 4712 | -6/Factory | Crushed by falling debris 4890 | -6/Factory | Reached level 4 4893 | -6/Factory | Upgraded with Propulsion slot (x1) 5289 | -6/Factory | Core integrity fell below 50% 5317 | -6/Factory | Core integrity fell below 20% 5494 | -6/Factory | Discovered new exit (range 12) 5498 | -6/Factory | Identified exit to Extension 5544 | -6/Factory | Discovered new exit (range 5) 5546 | -6/Factory | Identified exit to Lower Caves 5602 | -6/Factory | Destroyed by Y-54 Guardian with Gatling Laser Last Messages --------------- Trojan loaded successfully. Testing... Terminal linked with 3 systems. Please expand to 1 more system! >>Alert(Purge) Purged threat record, alert level lowered. 05563_ TF Node disabled. 05563_ Imp. Sensor Array tumbles out of TF Node. 05563_ Imp. Signal Interpreter tumbles out of TF Node. 05569_ Connecting with Garrison Access... >>Trojan(Broadcast) Trojan loaded successfully. Testing... Broadcasting enabled and active. >>Trojan(Reprogram) Trojan loaded successfully. Testing... Dispatch confirmation system compromised. 05582_ System corrupted: Matter fused (-9). 05599_ Flight Unit destroyed. Map ----- +----------------------------------------------------+ | # !# """#???????????????????????????????? | | # # """#???????????????????????????????? | | # """#???????????????????????????????? | | T + #???????????????????????????????? | | # [ """#???????????????????????????????? | | # # """#???????????????????????????????? | | # #= """#???????????????????????????????? | | ## ## #???????????????????????????????? | | ?# T##################???????????????????????? | | ?# #????# #???????????????????????? | | ?# ####### ! #???????????????????????? | | ?# + +???????????????????????? | | ?# ####### #???????????????????????? | | ?# #?????# = #???????????????????????? | | ## #?????# +???????????????????????? | | #?????# #????###????????????????? | | ####+###?????######+####### #????????????????? | | ???????????###### #????????????????? | | ???????????+ ??????????????? | | ???????????###### #????????????????? | | ????????????????### ####### #????????????????? | | ???????????########+#?????????###????????????????? | | ???????????# u #????????????????????????????? | | ???????????#] """ #######??????????????????????? | | ???????????# """ # #??????????????????????? | | ???????????# """ # @### #??????????????????? | | ???????????# + Y +???????????????? | | ???????????# """ # ########???????????????? | | ???????????# """ [# #??????????????????????? | | ???????????# """ #######??????????????????????? | | ???????????# #????????????????????????????? | | ???????????#########?????????????????????????????? | | | | | | | | | | | | | | | | | | | | | | | | | | | | | | | | | | | | | +----------------------------------------------------+ Best States ------------- Heat Dissipation 37 Energy Generation 18 Energy Capacity 250 Matter Stores 300 Matter Capacity 300 Sight Range 16 Robot Scan Range 8 Terrain Scan Range 16 Terrain Scan Density 210 Additional Mass Support 6 Evasion (%) 71 Offensive Hacking 11 Defensive Hacking 16 Item Schematics ----------------- None Robot Schematics ------------------ None Fabricated ------------ Nothing Repaired ---------- Nothing Studied --------- Mace | -6/Factory | Hacked Alien Tech Used ----------------- None Achievements -------------- Nice Directions, Buddy Challenges ------------ None RPGLIKE | -11 -10 -10 -9 -6 --------- Run | Yrd Mat Sub Scr Fac Levels Raised 3 | . . 1 . 2 XP Earned 8951 | 3000 675 1361 900 3015 XP Spent 7485 | 3000 . 1490 . 2995 Upgrades 21 | 11 . 4 . 6 Propulsion Slot 2 | 1 . . . 1 Utility Slot 4 | 2 . 1 . 1 Weapon Slot 1 | 1 . . . . Core Integrity 1 | . . . . 1 Heat Dissipation 2 | 1 . . . 1 Mass Support 1 | . . 1 . . Inventory Capacity 2 | 1 . . . 1 Sensor Range 4 | 4 . . . . Terrain Scan Density 2 | 1 . 1 . . Melee Accuracy 1 | . . 1 . . Hack Defense % 1 | . . . . 1 Protomatter Created 189 | . 78 . . 111 Integrity Restored 790 | . 234 223 . 333 Core 743 | . 234 176 . 333 Parts 47 | . . 47 . . Protomatter Decayed 136 | . 60 76 . . Game ------ Seed OvertunedInsulatedShield Manual? 0 Play Time 00:53:55 Cumulative 48.0 hours Start 2025.11.08 @ 10:48:57 End 2025.11.08 @ 11:44:11 Sessions 1 Manual Loads 0 Difficulty Rogue Special Mode Winter2019/RPGLIKE Game No. 43 Rogue 43 Adventurer 0 Explorer 0 Win Type - Total 0 Types 0/0/0/0/0/0/0/0/0/0 Lore% 45 Gallery% 31 Achievement% 29 Wizard Run 0 Options --------- Layout 0 ASCII 0 Keyboard 0 Movement Mouse Keybinds 0 Fullscreen 2 Font 24/Smallcaps Map View 76x50 Zoom Use 0% Tactical HUD 1 Map Filters NONE Filters NONE Steam 1 RUN: 24e15ebe-c77a-4a92-9ab4-d62085780afc